 Dungeon Sprint DCSS version 0.23.2-1-ga50397a (webtiles) character file.

Game seed: 14787211002848107430

17277 dhn the Peltast (level 12, -9/124 HPs)
             Began as a Minotaur Fighter on Apr 14, 2019.
             Mangled by a phantasmal warrior (11 damage)
             ... summoned by a vampire mage
             ... in the Dungeon (Sprint VII: "The Pits").
             The game lasted 00:10:22 (5188 turns).

dhn the Peltast (Minotaur Fighter)                  Turns: 5188, Time: 00:10:22

Health: -9/124     AC: 22    Str: 21    XL:     12   Next: 17%
Magic:  11/11      EV:  9    Int:  7    God:
Gold:   26         SH:  0    Dex: 13    Spells: 11/11 levels left

rFire    . . .     SeeInvis .   x - +2 war axe (chop)
rCold    . . .     Gourm    .   c - +0 shield
rNeg     . . .     Faith    .   y - +3 plate armour
rPois    .         Spirit   .   (helmet restricted)
rElec    .         Reflect  .   (no cloak)
rCorr    .         Harm     .   (no gloves)
MR       .....     NoTele   +   E - +0 pair of boots
Stlth    ..........             (no amulet)
HPRegen  0.30/turn              (no ring)
MPRegen  0.12/turn              (no ring)

@: confused, lethally poisoned (-9 -> -30), flayed, studying Evocations
A: retaliatory headbutt, horns 2
a: no special abilities


You were in the Dungeon.
You were hungry.

You visited 1 branch You collected 26 gold pieces.

Inventory:

Hand Weapons
 a - a +0 war axe
 q - a +2 hand axe
 s - a +0 hand axe of freezing
 t - a +2 trident of piercing
 x - a +2 war axe of chopping (weapon)
Armour
 b - a +0 scale mail
 c - a +0 shield (worn)
 r - a +3 chain mail
 u - a +3 scale mail
 y - a +3 plate armour (worn)
 E - a +0 pair of boots (worn)
Jewellery
 v - a +3 ring of strength
 w - a +3 ring of protection
 z - a +4 ring of strength
 D - an uncursed ring of protection from fire
Scrolls
 k - a scroll of blinking
 m - 4 scrolls of remove curse
 n - 5 scrolls of amnesia
 o - a scroll of summoning
 p - 2 scrolls of vulnerability
 A - 7 scrolls of enchant weapon
 C - 2 scrolls of fear
 F - a scroll of identify
 H - a scroll of fog
Potions
 d - 3 potions of might
 e - 2 potions of curing
 g - 9 potions of heal wounds
 h - a potion of haste
 i - 4 potions of magic
 j - 4 potions of berserk rage
 l - a potion of invisibility
 G - a potion of resistance
Books
 B - a manual of Evocations
Comestibles
 f - 5 rations


   Skills:
 + Level 16.4 Fighting
 + Level 17.2(17.3) Axes
 + Level 3.8(12.2) Polearms
 + Level 17.7 Armour
 + Level 4.5 Dodging
 + Level 1.2 Stealth
 + Level 19.4 Shields


You had 11 spell levels left.
You didn't know any spells.
Your spell library was empty.

Dungeon Overview and Level Annotations

Branches:
Dungeon (1/1)

Altars:
Ashenzari
Cheibriados
Dithmenos
Elyvilon
Fedhas
Gozag
Hepliaklqana
Kikubaaqudgha
Makhleb
Nemelex Xobeh
Okawaru
Qazlal
Ru
Sif Muna
Trog
Uskayaw
Vehumet
Wu Jian
Xom
Yredelemnul
Zin
The Shining One
Beogh
Jiyva
Lugonu


Innate Abilities, Weirdness & Mutations

You reflexively headbutt those who attack you in melee.
You have a pair of horns on your head.


Message History

You are more confused.
You bump into the metal wall.
The phantasmal warrior blinks!
The nagaraja seems less brilliant.
The phantasmal warrior hits you.
The nagaraja is empowered by something's aura!
You slash the phantasmal warrior!
You headbutt the phantasmal warrior, but do no damage.
The phantasmal warrior is moderately damaged.
You hit the flayed ghost.
The flayed ghost hits you but does no damage.
The phantasmal warrior hits you!
You barely miss the phantasmal warrior. You headbutt the phantasmal warrior.
The phantasmal warrior is heavily damaged.
You slash the flayed ghost!
The nagaraja gestures at you while chanting.
The bolt of poison hits the flayed ghost.
The flayed ghost completely resists.
The bolt of poison hits you!!!
You are poisoned.
* * * LOW HITPOINT WARNING * * *
The flayed ghost closely misses you. The phantasmal warrior hits you!
You die...

###########################+#
...............W....NW...Z..#
................@W{...Z.)W..#
##########++##############..#
#..# #..# #.O# #..# #..# #Ne#
#..#


You could see a nagaraja, a flayed ghost, a phantasmal warrior, a wraith and an
adder simulacrum.

Vanquished Creatures
  A nagaraja (D)
  An emperor scorpion (D)
  A hydra (D)
  2 alligators (D)
  A death yak (D)
  A sea snake (D)
  2 unseen horrors (D)
  3 deep trolls (D)
  2 lindwurms (D)
  A swamp dragon (D)
  An elephant (D)
  A spiny frog (D)
  3 gargoyles (D)
  2 naga magi (D)
  2 ice devils (D)
  A hellwing (D)
  An efreet (D)
  A jumping spider (D)
  A wind drake (D)
  3 blink frogs (D)
  2 hippogriffs (D)
  A fire bat (D)
  3 redbacks (D)
  A basilisk (D)
  A hungry ghost (D)
  A large abomination (D)
  2 steam dragons (D)
  A warg (D)
  2 nagas (D)
  2 porcupines (D)
  3 floating eyes (D)
  An ice beast (D)
  A phantom (D)
  A black bear (D)
  A necrophage (D)
  5 wolves (D)
  2 centaurs (D)
  2 scorpions (D)
  A hound (D)
  An iron imp (D)
  2 iguanas (D)
  A gnoll shaman (D)
  A worker ant (D)
  5 gnolls (D)
  3 oozes (D)
  An adder zombie (D)
  An orc (D)
  A bat zombie (D)
  A giant cockroach (D)
  A hobgoblin (D)
  A kobold (D)
  A quokka (D)
  2 frilled lizards (D)
86 creatures vanquished.

Notes
Turn   | Place    | Note
-------+----------+-------------------------------------------
     0 | D        | dhn the Minotaur Fighter began the quest for the Orb.
     0 | D        | Reached XP level 1. HP: 19/19 MP: 0/0
    24 | D        | Reached skill level 4 in Shields
    36 | D        | Found a bloodstained altar of Trog.
    36 | D        | Found a deep blue altar of Sif Muna.
    36 | D        | Found a viscous altar of Jiyva.
    36 | D        | Found a hazy altar of Hepliaklqana.
    36 | D        | Found an opulent altar of Gozag.
    64 | D        | Found a glowing golden altar of the Shining One.
    64 | D        | Found a glowing silver altar of Zin.
    64 | D        | Found a basalt altar of Yredelemnul.
    64 | D        | Found a shimmering altar of Xom.
    64 | D        | Found an ornate altar of the Wu Jian Council.
    64 | D        | Found a sacrificial altar of Ru.
    64 | D        | Found a stormy altar of Qazlal.
    64 | D        | Found an iron altar of Okawaru.
    64 | D        | Found a sparkling altar of Nemelex Xobeh.
    64 | D        | Found a burning altar of Makhleb.
    64 | D        | Found a blossoming altar of Fedhas.
    64 | D        | Found a white marble altar of Elyvilon.
    64 | D        | Found a shadowy altar of Dithmenos.
    64 | D        | Found a snail-covered altar of Cheibriados.
    66 | D        | Found a radiant altar of Vehumet.
    66 | D        | Found a corrupted altar of Lugonu.
    66 | D        | Found a roughly hewn altar of Beogh.
    67 | D        | Found a hide-covered altar of Uskayaw.
    67 | D        | Found an ancient bone altar of Kikubaaqudgha.
    67 | D        | Found a shattered altar of Ashenzari.
    99 | D        | Reached XP level 2. HP: 27/28 MP: 1/1
   102 | D        | Noticed a floating eye
   102 | D        | Noticed a fire bat
   105 | D        | Paralysed by a floating eye for 2 turns
   107 | D        | Killed a floating eye
   107 | D        | Reached skill level 7 in Shields
   107 | D        | Reached XP level 3. HP: 22/38 MP: 2/2
   107 | D        | Reached XP level 4. HP: 27/45 MP: 3/3
   114 | D        | Killed a fire bat
   114 | D        | Reached skill level 5 in Axes
   114 | D        | Reached skill level 8 in Shields
   114 | D        | Reached XP level 5. HP: 38/56 MP: 4/4
   297 | D        | Noticed a necrophage
   297 | D        | Noticed a hungry ghost
   297 | D        | Noticed a centaur
   313 | D        | Reached skill level 9 in Shields
   313 | D        | Reached XP level 6. HP: 62/62 MP: 5/5
   316 | D        | Reached skill level 10 in Armour
   328 | D        | Killed a hungry ghost
   328 | D        | Reached skill level 10 in Shields
   334 | D        | Reached XP level 7. HP: 68/71 MP: 6/6
   347 | D        | Paralysed by a floating eye for 4 turns
   354 | D        | Reached skill level 10 in Fighting
   354 | D        | Reached skill level 11 in Shields
   368 | D        | Noticed a spiny frog
   387 | D        | Killed a spiny frog
   387 | D        | Reached skill level 12 in Shields
   723 | D        | Reached XP level 8. HP: 81/81 MP: 7/7
   794 | D        | Noticed a hippogriff
   802 | D        | Killed a hippogriff
   802 | D        | Reached skill level 1 in Dodging
   910 | D        | Noticed a gargoyle
   924 | D        | Reached skill level 13 in Shields
   930 | D        | Killed a gargoyle
   930 | D        | Reached skill level 10 in Axes
   948 | D        | Noticed a hellwing
   948 | D        | Noticed a jumping spider
   954 | D        | Reached skill level 1 in Stealth
   954 | D        | Reached XP level 9. HP: 76/90 MP: 8/8
   960 | D        | Killed a hellwing
   965 | D        | Killed a jumping spider
   965 | D        | Reached skill level 14 in Shields
  1168 | D        | Noticed an ice devil
  1168 | D        | Noticed a swamp dragon
  1182 | D        | Killed an ice devil
  1194 | D        | Killed a swamp dragon
  1512 | D        | Noticed a deep troll
  1531 | D        | Killed a deep troll
  1531 | D        | Reached skill level 15 in Shields
  1531 | D        | Reached XP level 10. HP: 39/99 MP: 9/9
  1763 | D        | Noticed a sea snake
  1781 | D        | Killed a sea snake
  2322 | D        | Noticed a deep troll
  2322 | D        | Noticed a lindwurm
  2329 | D        | Killed a lindwurm
  2335 | D        | Killed a deep troll
  2335 | D        | Reached skill level 16 in Shields
  2544 | D        | Noticed a five-headed hydra
  2551 | D        | Killed a five-headed hydra
  2551 | D        | Reached skill level 1 in Polearms
  2560 | D        | Reached skill level 15 in Armour
  2680 | D        | Noticed a naga mage
  2713 | D        | Killed a naga mage
  2713 | D        | Reached skill level 15 in Axes
  2916 | D        | Noticed a lindwurm
  2936 | D        | Killed a lindwurm
  2936 | D        | Reached skill level 17 in Shields
  2936 | D        | Reached XP level 11. HP: 77/108 MP: 10/10
  2938 | D        | Noticed a death yak
  2953 | D        | Killed a death yak
  2955 | D        | Noticed an alligator
  2955 | D        | Noticed a deep troll
  2955 | D        | Noticed an alligator
  3290 | D        | Killed an alligator
  3305 | D        | Killed an alligator
  3319 | D        | Killed a deep troll
  3429 | D        | Killed an unseen horror
  3429 | D        | Reached skill level 18 in Shields
  3600 | D        | Paralysed by a floating eye for 2 turns
  3681 | D        | Killed an unseen horror
  3681 | D        | Reached skill level 15 in Fighting
  3952 | D        | Noticed an emperor scorpion
  3991 | D        | Killed an emperor scorpion
  4330 | D        | Reached skill level 19 in Shields
  4587 | D        | Reached XP level 12. HP: 122/122 MP: 11/11
  4777 | D        | Noticed a nagaraja
  4793 | D        | Killed a nagaraja
  5160 | D        | Noticed a nagaraja
  5160 | D        | Noticed an ogre mage
  5160 | D        | Noticed a deep elf high priest
  5160 | D        | Noticed an ogre mage
  5160 | D        | Noticed a vampire mage
  5160 | D        | Noticed a lich
  5160 | D        | Noticed a deep elf high priest
  5188 | D        | HP: 2/124 [nagaraja/bolt of poison (41)]
  5188 | D        | Mangled by a phantasmal warrior

Skill      XL: |  1  2  3  4  5  6  7  8  9 10 11 |
---------------+----------------------------------+-----
Fighting       | 4 6 8 9 10 11 12 13 16 | 16.4
Armour         | 4 7 9 10 11 13 15 17 | 17.7
Shields        | 4 7 8 9 10 12 13 15 17 19 | 19.4
Axes           | 4 5 6 7 8 10 13 15 17 | 17.2
Dodging        | 2 3 4 |  4.5
Stealth        | 1 |  1.2
Polearms       | 3 |  3.8

Action                   |  1- 3 |  4- 6 |  7- 9 | 10-12 || total
-------------------------+-------+-------+-------+-------++-------
Melee: War axe           |     7 |       |    71 |   263 ||   341
       Hand axe          |     8 |    32 |    55 |       ||    95
       Headbutt          |     3 |     6 |    25 |    67 ||   101
       Trident           |       |       |       |     6 ||     6
  Use: Potion            |       |     1 |     7 |    10 ||    18
  Eat: Ration            |       |       |     2 |     2 ||     4
       Chunk             |       |       |       |     3 ||     3
Armor: Scale mail        |    10 |     3 |       |       ||    13
       Chain mail        |       |     9 |    21 |       ||    30
       Plate armour      |       |       |    44 |   155 ||   199
Dodge: Dodged            |     5 |     4 |    32 |    67 ||   108
Block: Shield            |     5 |    25 |    87 |   191 ||   308
